 Dungeon Crawl Stone Soup version 0.31-a0-590-g8a5a4361df (webtiles) character file.

Game seed: 14745134765207294932

266947 howech the Conqueror (level 19, -2/144 HPs)
             Began as a Minotaur Berserker on Aug 17, 2023.
             Was a High Priest of Trog.
             Constricted to death by a starspawn tentacle (3 damage)
             ... attached to a tentacled starspawn
             ... on level 3 of the Abyss on Aug 19, 2023.
             The game lasted 02:48:20 (46625 turns).

howech the Conqueror (Minotaur Berserker)          Turns: 46625, Time: 02:48:20

Health: -2/144     AC: 25    Str: 24    XL:     19   Next: 34%
Magic:  27/27      EV:  8    Int:  4    God:    Trog [*****.]
Gold:   3687       SH: 12    Dex: 13    Spells: 18/18 levels left

rFire   . . .        a - +9 broad axe (elec)
rCold   . . .        Q - +0 buckler
rNeg    + . .        C - +1 plate armour {rC+}
rPois   +            F - +0 mask of the Dragon {Will+ Slay+3 SInv}
rElec   .            S - +2 cloak
rCorr   .            c - +0 pair of gloves
SInv    +            g - +2 pair of boots {Stlth+}
Will    ++...        G - amulet of reflection Stlth
                     Z - ring of poison resistance
HPRegen 0.00/turn    w - ring of Ynotz {rC- rN+ MP+9 Dex+3 Slay+5}
MPRegen 0.20/turn

%: reflection
@: on berserk cooldown, sick, slowed, constricted, studying Short Blades, very
slow
A: horns 2, retaliatory headbutt, [clumsy 2], [dopey 1], [frail 3],
([teleportitis 2]), [subdued magic 3]
}: 2/15 runes: serpentine, barnacled
a: Renounce Religion, Berserk, Trog's Hand, Brothers in Arms


You were on level 3 of the Abyss.
You worshipped Trog.
Trog was extremely pleased with you.
You visited 7 branches of the dungeon, and saw 33 of its levels.
You visited the Abyss 1 time.
You also visited: Ossuary, Gauntlet and Ice Cave.

You collected 4923 gold pieces.
You spent 1236 gold pieces at shops.

Inventory:

Hand Weapons
 a - a +9 broad axe of electrocution (weapon)
 b - a +2 broad axe of flaming
Missiles
 y - 11 silver javelins (quivered)
 O - 5 throwing nets
 Y - 18 boomerangs
Armour
 c - a +0 pair of gloves (worn)
 g - a +2 pair of boots of stealth (worn)
 C - a +1 plate armour of cold resistance (worn)
 F - the +0 mask of the Dragon (worn) {Will+ Slay+3 SInv}
   (You bought it in a shop on level 8 of the Dungeon)

   Slay+3:    It affects your accuracy & damage with ranged weapons and melee
   (+3).
   Will+:     It increases your willpower.
   SInv:      It lets you see invisible.
 Q - a +0 buckler (worn)
 S - a +2 cloak (worn)
Jewellery
 k - a ring of protection from cold
 r - a ring of protection from fire
 w - the ring of Ynotz (right hand) {rC- rN+ MP+9 Dex+3 Slay+5}
   (You took it off a minotaur in a Gauntlet)

   [ring of positive energy]

   Dex+3:     It affects your dexterity (+3).
   Slay+5:    It affects your accuracy & damage with ranged weapons and melee
   (+5).
   rC-:       It makes you vulnerable to cold.
   rN+:       It protects you from negative energy.
   MP+9:      It affects your magic capacity (+9).
 z - a +5 ring of evasion
 B - the ring of the Blue Skies {Ice Int+2 Dex+4}
   (You found it in an ice cave)

   [ring of ice]

   Ice:       It enhances your ice magic.
   Int+2:     It affects your intelligence (+2).
   Dex+4:     It affects your dexterity (+4).
   rF-:       It makes you vulnerable to fire.
   rC+:       It protects you from cold.
 D - the ring "Tuabraro" {Ice Dex+3 Slay+6}
   (You found it on level 3 of the Abyss)

   [ring of ice]

   Ice:       It enhances your ice magic.
   Dex+3:     It affects your dexterity (+3).
   Slay+6:    It affects your accuracy & damage with ranged weapons and melee
   (+6).
   rF-:       It makes you vulnerable to fire.
   rC+:       It protects you from cold.
 G - an amulet of reflection (around neck)
 L - a ring of resist corrosion
 N - the ring "Iriom" {rF+ rC+ Stlth+}
   (You found it in an ice cave)

   [ring of protection from cold]

   rF+:       It protects you from fire.
   rC+:       It protects you from cold.
   Stlth+:    It makes you more stealthy.
 Z - a ring of poison resistance (left hand)
Wands
 l - a wand of roots (32)
 q - a wand of charming (25)
 v - a wand of digging (17)
 K - a wand of mindburst (10)
 R - a wand of light (10)
 V - a wand of flame (15)
Scrolls
 d - 4 scrolls of enchant armour
 e - 8 scrolls of teleportation
 j - 4 scrolls of blinking
 n - 3 scrolls of identify
 s - a scroll of immolation
 t - 3 scrolls of revelation
 u - 5 scrolls of fear
 x - a scroll of brand weapon
 H - 6 scrolls of fog
Potions
 f - a potion of enlightenment
 i - a potion of cancellation
 m - 21 potions of curing
 o - 9 potions of might
 p - 14 potions of heal wounds
 A - a potion of lignification
 I - a potion of resistance
 M - 3 potions of invisibility
 X - 6 potions of haste
Miscellaneous
 h - a condenser vane


   Skills:
 O Level 27 Fighting
 + Level 19.1 Axes
 - Level 5.0 Throwing
 + Level 12.2 Armour
 + Level 11.8 Dodging
 + Level 12.1 Shields
 * Level 12.5 Evocations


You had 18 spell levels left.
You didn't know any spells.
Your spell library was empty.

Dungeon Overview and Level Annotations

Branches:
Dungeon (15/15)            Temple (1/1) D:5            Lair (5/5) D:9
 Shoals (4/4) Lair:2        Snake (4/4) Lair:2        Slime (0/5) Lair:5
    Orc (2/2) D:9             Elf (0/3) Orc:2        Vaults (2/5) D:13
 Depths (0/4) D:15        Ossuary (visited)           IceCv (visited)
Gauntlet (visited)
  Crypt: Vaults:2-3

Altars:
Ashenzari
Cheibriados
Dithmenos
Elyvilon
Fedhas
Gozag
Hepliaklqana
Kikubaaqudgha
Makhleb
Nemelex Xobeh
Okawaru
Qazlal
Ru
Sif Muna
Trog
Uskayaw
Vehumet
Wu Jian
Xom
Yredelemnul
Zin
The Shining One
Jiyva

Shops:
D:5 (   D:7 !   D:8 [[!*!   D:9 *   D:12 ?   D:14 (!   D:15 (   Orc:2 (=:
Shoals:3 *   Shoals:4 :

Annotations:
Temple 2 transporters
Abyss:3 1 transporter


Innate Abilities, Weirdness & Mutations

You have a pair of horns on your head.
You reflexively headbutt those who attack you in melee.
[You are very clumsy. (Dex -4)]
[You are dopey. (Int -2)]
[You are extremely frail. (-30% HP)]
[((You are often teleported next to monsters.))]
[Your spells are much easier to cast, but much less powerful.]


Message History

You slash the ancient zyme!
The sea snake changes into a shock serpent!
The tentacled starspawn bites you.
* * * LOW HITPOINT WARNING * * *
The tentacled starspawn tentacle-slaps you!
* * * LOW HITPOINT WARNING * * *
The wretched star pulses with an eldritch light!
You feel frail. x2
Your connection to magic feels more subdued.
Your connection to magic feels nearly dormant.
A starcursed mass splits.
A deafening chorus of shrieks assaults your mind!
* * * LOW HITPOINT WARNING * * *
You suddenly lose the ability to move!
The ancient zyme hits you.
* * * LOW HITPOINT WARNING * * *
The ancient zyme hits you but does no damage.
You can move again.
You barely miss the tentacled starspawn.
You headbutt the tentacled starspawn.
The tentacled starspawn is heavily damaged.
You slash the ancient zyme!
Lightning courses through the ancient zyme!!
You destroy the ancient zyme!
Trog accepts your kill.
The shock serpent changes into an eye of devastation!
A starcursed mass splits.
The tentacled starspawn completely misses you.
You furiously retaliate!
You headbutt the tentacled starspawn.
The tentacled starspawn tentacle-slaps you but does no damage.
A small abomination comes into view.
A tentacle flies out from the starspawn's body!
A starspawn tentacle comes into view.
You slice the tentacled starspawn!!
The tentacled starspawn is almost destroyed.
You slash the starspawn tentacle! You slash the death drake!
You block the death drake's attack.
The wretched star pulses with an eldritch light!
You feel weirdly uncertain.
You feel even more weirdly uncertain. The starspawn tentacle grabs you.
The starspawn tentacle constricts you.
You die...

#### #.?##
###kw#
#*XX@#
#XGX###
..W3XX###..
..xXX##
...#
..XX©#©
..#.. §...x
# .#. .# §.
.. # ..## .
.###... #.


You could see 8 starcursed masses, a tentacled starspawn, a death drake shaped
shifter, a wretched star, an eye of devastation shaped shifter, a shadow wraith
(invisible), a large abomination, a neqoxec, a small abomination and a starspawn
tentacle.

Vanquished Creatures
  A bone dragon (Abyss:3)
  A tentacled monstrosity (Abyss:3)
  Jorgrun (Orc:2)
  A lich (Vaults:1)
  A tentacled starspawn (Abyss:3)
  Agnes (D:14)
  The ghost of Saojabem the Severer, an adept MiBe of Trog (Snake:4)
  10 nagarajas
  Roxanne (Snake:4)
  3 vault wardens (Vaults:1)
  Aizul (Snake:1)
  Ilsuiw (Shoals:4)
  2 azure jellies (IceCv)
  A frost giant (Shoals:4)
  6 ironbound preservers
  4 ironbound thunderhulks
  Nessos (Lair:3)
  A minotaur (Gauntlet)
  3 dire elephants
  7 merfolk javelineers
  A fire dragon (D:15)
  3 spectral krakens (Shoals:4)
  12 merfolk impalers
  5 yaktaur captains (Vaults:1)
  A deep elf high priest (Vaults:1)
  3 great orbs of eyes (Vaults:1)
  3 ghost crabs (Shoals:4)
  A salamander tyrant (Snake:3)
  4 ogre magi
  3 ironbound frosthearts
  3 merfolk avatars
  3 catoblepae
  3 hydras
  2 boulder beetles
  2 alligator snapping turtles
  10 anacondas
  4 merfolk aquamancers
  9 centaur warriors
  A satyr (Shoals:4)
  2 tengu warriors
  15 two-headed ogres
  9 death yaks
  A deep troll earth mage (D:15)
  12 naga warriors
  17 naga sharpshooters
  5 shock serpents
  10 skysharks
  3 salamander mystics
  20 sea snakes
  8 deep trolls
  6 ironbound convokers
  A flayed ghost (Vaults:1)
  11 lindwurms
  4 wizards
  18 harpies
  3 deep elf pyromancers
  3 orc knights
  8 naga ritualists
  3 spectral merfolk (Shoals:4)
  12 ugly things
  An orc sorcerer (Orc:1)
  12 mana vipers
  16 manticores
  A worldbinder (Abyss:3)
  7 cyclopes
  A cyclops (shapeshifter) (D:13)
  12 salamanders
  4 fauns (Shoals:1)
  11 merfolk sirens
  12 elephants
  2 guardian serpents (Snake:4)
  7 vault sentinels
  43 black mambas
  16 naga magi
  4 torpor snails (Lair:5)
  A water nymph (Shoals:2)
  2 ice statues
  A spectral sea snake (Shoals:4)
  Maggie (D:6)
  13 cane toads
  13 komodo dragons
  An unseen horror (D:10)
  2 unseen horrors (shapeshifter)
  10 rime drakes
  11 yaktaurs
  6 trolls
  An ancient zyme (Abyss:3)
  2 tengu conjurers
  A polar bear (Lair:3)
  7 wind drakes
  21 merfolk
  3 hornets
  7 snapping turtles
  8 dream sheep
  A polar bear (shapeshifter) (D:15)
  Grinder (D:4)
  10 blink frogs
  2 shadows
  25 slime creatures
  4 wraiths
  3 centaur simulacra
  8 wyverns
  63 yaks
  A vampire (D:12)
  4 water elementals (Shoals:1)
  4 basilisks
  18 vampire mosquitoes
  2 steam dragons
  A redback simulacrum (D:13)
  2 death yak simulacra (D:12)
  Menkaure (D:6)
  2 wargs (Orc:2)
  44 nagas
  An acid dragon (D:10)
  Edmund (D:5)
  2 spectral snapping turtles (Shoals:4)
  12 water moccasins
  An ice beast (D:6)
  12 orc warriors
  3 black bears
  27 ogres
  19 wolves
  12 centaurs
  6 boggarts
  3 slime creature simulacra (IceCv)
  A phantom (D:6)
  9 bullfrogs
  2 kobold brigands
  Blork the orc (D:5)
  2 two-headed ogre simulacra (D:12)
  2 gnoll sergeants
  4 scorpions
  3 glowing shapeshifter simulacra (IceCv)
  A cane toad simulacrum (Gauntlet)
  7 wights (D:7)
  8 killer bees
  An elephant simulacrum (D:12)
  9 orc priests
  Crazy Yiuf (D:3)
  4 hounds
  A jelly (D:7)
  3 iguanas
  14 orc wizards
  A sleepcap (D:4)
  A polar bear simulacrum (D:12)
  A troll simulacrum (D:12)
  A spriggan simulacrum (D:12)
  6 shapeshifter simulacra (IceCv)
  8 mummies (Ossuary)
  8 adders
  10 gnolls
  2 shadow imps (D:6)
  5 white imps
  3 worms
  47 orcs
  2 bat zombies (D:6)
  5 endoplasms
  A giant cockroach (D:3)
  7 goblins
  3 hobgoblins
  6 quokkas
  5 ball pythons
  5 bats
  4 frilled lizards
  A gnoll zombie (Ossuary)
  2 hobgoblin zombies (Ossuary)
  16 kobolds
  2 kobold zombies (Ossuary)
  3 orc zombies (Ossuary)
  5 rats
  A rat zombie (D:6)
  3 tentacles (Shoals:4)
1084 creatures vanquished.

Vanquished Creatures (others)
  A quokka (D:8)
  5 starspawn tentacles (Abyss:3)
  16 tentacles (Shoals:4)
22 creatures vanquished.

Grand Total: 1106 creatures vanquished

Notes
Turn   | Place    | Note
-------+----------+-------------------------------------------
     0 | D:1      | howech the Minotaur Berserker began the quest for the Orb.
     0 | D:1      | Reached XP level 1. HP: 19/19 MP: 0/0
   337 | D:1      | Reached XP level 2. HP: 27/27 MP: 1/1
   827 | D:2      | Reached skill level 1 in Shields
   827 | D:2      | Reached XP level 3. HP: 30/33 MP: 2/2
  1532 | D:3      | Reached ** piety under Trog
  1839 | D:3      | Found a runed translucent door.
  1840 | D:3      | Noticed Crazy Yiuf
  1849 | D:3      | Killed Crazy Yiuf
  1850 | D:3      | Reached skill level 1 in Throwing
  1850 | D:3      | Reached skill level 1 in Evocations
  1850 | D:3      | Reached XP level 4. HP: 40/40 MP: 0/3
  1935 | D:3      | Found a faded altar of an unknown god.
  2375 | D:4      | Noticed Grinder
  2375 | D:4      | Paralysed by Grinder for 2 turns
  2394 | D:4      | Paralysed by Grinder for 4 turns
  2406 | D:4      | Killed Grinder
  2407 | D:4      | Reached skill level 4 in Fighting
  2407 | D:4      | Reached skill level 5 in Axes
  2407 | D:4      | Reached XP level 5. HP: 42/47 MP: 4/4
  2407 | D:4      | Reached XP level 6. HP: 47/53 MP: 5/5
  2661 | D:4      | Identified the +7 short sword "Desian" {venom, *Corrode
                  | rPois rC+}
  2671 | D:4      | Identified the +2 pair of gloves of Muek Ajy {+Blink +Inv
                  | Int-4 Dex+5}
  3234 | D:5      | Entered Level 5 of the Dungeon
  3234 | D:5      | Noticed Blork the orc
  3352 | D:5      | Found a staircase to the Ecumenical Temple.
  3465 | D:5      | Reached XP level 7. HP: 59/60 MP: 6/6
  3660 | D:5      | Killed Blork the orc
  3661 | D:5      | Reached skill level 5 in Fighting
  3715 | D:5      | Identified the +3 short sword of the Aged Stars {drain,
                  | rElec Str+4 Int-2}
  3751 | D:5      | Found a sparkling altar of Nemelex Xobeh.
  3920 | D:5      | Noticed Edmund
  3935 | D:5      | Killed Edmund
  3955 | D:5      | Found Zogiwiaq's Antique Weapon Emporium.
  3960 | D:5      | Bought a runed war axe for 143 gold pieces
  4062 | Temple   | Found a transporter.
  4062 | Temple   | Found a transporter.
  4062 | Temple   | Found a transporter.
  4062 | Temple   | Found a transporter.
  4062 | Temple   | Entered the Ecumenical Temple
  4120 | D:6      | Reached XP level 8. HP: 36/68 MP: 7/7
  4431 | D:6      | Noticed Menkaure
  4434 | D:6      | Killed Menkaure
  4435 | D:6      | Reached skill level 5 in Armour
  4491 | D:6      | Noticed Maggie
  4505 | D:6      | Killed Maggie
  4506 | D:6      | Reached skill level 6 in Fighting
  4669 | D:6      | Found an ancient bone altar of Kikubaaqudgha.
  4927 | D:7      | Reached XP level 9. HP: 66/75 MP: 8/8
  4933 | D:7      | Reached skill level 5 in Dodging
  4935 | D:7      | Found Zutogy's Distillery.
  5058 | D:7      | Reached skill level 5 in Shields
  5716 | D:7      | Upgraded the game from 0.31-a0-564-g3b7de120b3 to
                  | 0.31-a0-574-g69dc8cc98e
  6003 | D:8      | Found a sand-covered staircase.
  6007 | Ossuary  | Entered an ossuary
  6016 | Ossuary  | Reached *** piety under Trog
  6340 | D:8      | Found a white marble altar of Elyvilon.
  6350 | D:8      | Reached skill level 7 in Fighting
  6392 | D:8      | Found Imop's Armour Shoppe.
  6485 | D:8      | Found Ontelec's Distillery.
  6488 | D:8      | Found a snail-covered altar of Cheibriados.
  6507 | D:8      | Noticed a two-headed ogre
  6519 | D:8      | Killed a two-headed ogre
  6520 | D:8      | Reached skill level 10 in Axes
  6520 | D:8      | Reached skill level 5 in Throwing
  6520 | D:8      | Reached skill level 5 in Evocations
  6552 | D:8      | Noticed a tengu warrior
  6567 | D:8      | Killed a tengu warrior
  6568 | D:8      | Reached XP level 10. HP: 39/88 MP: 9/9
  6626 | D:8      | Found Jifiu's Assorted Antiques.
  6631 | D:8      | Found Wiegucon's Distillery.
  6640 | D:8      | Bought a potion of degeneration for 13 gold pieces
  6760 | D:8      | Reached skill level 8 in Fighting
  6809 | D:8      | Found the +18 Lear's hauberk
  6887 | D:8      | Found Ifujob's Armour Emporium.
  6896 | D:8      | Bought a +0 buckler for 67 gold pieces
  6961 | D:9      | Noticed a death yak
  6962 | D:9      | Noticed a death yak
  6964 | D:9      | Noticed a death yak
  7084 | D:8      | Killed a death yak
  7107 | D:8      | Killed a death yak
  7108 | D:8      | Reached skill level 9 in Fighting
  7153 | D:8      | Killed a death yak
  7249 | D:9      | Found a staircase to the Lair.
  7621 | D:9      | Found a staircase to the Orcish Mines.
  7657 | D:9      | Found Esoin's Assorted Antiques.
  7683 | D:9      | Found a radiant altar of Vehumet.
  8039 | D:9      | Found an ancient bone altar of Kikubaaqudgha.
  8041 | D:9      | Found a white marble altar of Elyvilon.
  8041 | D:9      | Found a burning altar of Makhleb.
  8062 | D:9      | Found a stormy altar of Qazlal.
  8062 | D:9      | Found a shimmering altar of Xom.
  8062 | D:9      | Found a shimmering altar of Xom.
  8192 | Lair:1   | Entered Level 1 of the Lair of Beasts
  8192 | Lair:1   | Noticed a death yak
  8192 | Lair:1   | Noticed a death yak
  8192 | Lair:1   | Noticed a death yak
  8192 | Lair:1   | Noticed a death yak
  8207 | D:9      | Killed a death yak
  8208 | D:9      | Reached skill level 10 in Fighting
  8208 | D:9      | Reached XP level 11. HP: 66/99 MP: 10/10
  8394 | D:9      | Killed a death yak
  8402 | D:9      | Killed a death yak
  8408 | D:9      | Killed a death yak
  8556 | Lair:1   | Reached **** piety under Trog
  8557 | Lair:1   | Reached skill level 11 in Fighting
  8725 | Lair:1   | Reached skill level 15 in Axes
  9224 | Lair:1   | Noticed a skyshark
  9236 | Lair:1   | Killed a skyshark
  9245 | Lair:1   | Noticed a skyshark
  9263 | Lair:1   | Reached skill level 12 in Fighting
  9264 | Lair:1   | Killed a skyshark
  9265 | Lair:1   | Reached XP level 12. HP: 91/112 MP: 11/11
  9839 | Lair:2   | Found a staircase to the Snake Pit.
 10082 | Lair:2   | Found a staircase to the Shoals.
 10100 | Lair:2   | Reached skill level 13 in Fighting
 10260 | Lair:2   | Reached ***** piety under Trog
 11056 | Lair:3   | Noticed Nessos
 11156 | Lair:3   | Noticed a boulder beetle
 11282 | Lair:2   | Killed a boulder beetle
 11899 | Lair:3   | Killed Nessos
 12019 | Lair:3   | Found a hide-covered altar of Uskayaw.
 12020 | Lair:3   | Found an ornate altar of the Wu Jian Council.
 12404 | Snake:1  | Entered Level 1 of the Snake Pit
 12511 | Lair:4   | Reached XP level 13. HP: 104/122 MP: 12/12
 13296 | Lair:5   | Entered Level 5 of the Lair of Beasts
 13309 | Lair:5   | Received a gift from Trog
 13519 | Lair:5   | Reached skill level 14 in Fighting
 13880 | Lair:5   | Found the +4 skin of Zhor {*Englaciate rC+++ SInv}
 14579 | Lair:5   | Reached XP level 14. HP: 132/133 MP: 13/13
 14604 | Lair:5   | Found a viscous altar of Jiyva.
 14604 | Lair:5   | Found a staircase to the Slime Pits.
 14877 | Lair:5   | Identified the +12 hand axe "Qafi" {heavy, rCorr Str+2
                  | Dex+4}
 14990 | Lair:5   | Identified the amulet "Meogijyimi" {Acrobat Str+4}
 14991 | Lair:5   | Identified the +0 trident "Buor Owa" {freeze, rElec rPois
                  | Will+ Int-2}
 15019 | Lair:5   | Identified a scroll of acquirement
 15407 | D:8      | Bought a potion of might for 44 gold pieces
 15407 | D:8      | Bought a potion of heal wounds for 55 gold pieces
 15407 | D:8      | Bought 2 potions of curing for 66 gold pieces
 15455 | D:7      | Bought a potion of mutation for 96 gold pieces
 15572 | Lair:2   | Acquired 537 gold pieces
 15615 | Orc:1    | Entered Level 1 of the Orcish Mines
 15647 | Orc:2    | Entered Level 2 of the Orcish Mines
 15647 | Orc:2    | Found a gate leading to a gauntlet.
 15665 | Orc:2    | Reached skill level 15 in Fighting
 15667 | Orc:2    | Noticed Jorgrun
 15674 | Gauntlet | Entered a Gauntlet
 15674 | Gauntlet | Found a transporter.
 15718 | Gauntlet | Found a transporter.
 15719 | Gauntlet | Found a transporter.
 15734 | Gauntlet | Found a transporter.
 15736 | Gauntlet | Found a transporter.
 15749 | Gauntlet | Found a transporter.
 15764 | Gauntlet | Found a transporter.
 15780 | Gauntlet | Found a transporter.
 15785 | Gauntlet | Found a transporter.
 15785 | Gauntlet | Found a transporter.
 15807 | Gauntlet | Found a runed translucent door.
 15808 | Gauntlet | Found a transporter.
 15808 | Gauntlet | Found a transporter.
 15809 | Gauntlet | Found a runed translucent door.
 15813 | Gauntlet | Noticed a quicksilver ooze
 15833 | Gauntlet | Found a runed translucent door.
 15835 | Gauntlet | Found a transporter.
 15837 | Gauntlet | Found a runed translucent door.
 15865 | Gauntlet | Found a transporter.
 16308 | Gauntlet | Identified the +2 arbalest of Sayguz {penet, *Corrode rElec
                  | Dex+3}
 16308 | Gauntlet | Identified the +5 ring mail of Ismosmiq {Drain rN++ rCorr
                  | Dex+3}
 16308 | Gauntlet | Identified the ring of Ynotz {rC- rN+ MP+9 Dex+3 Slay+5}
 16332 | Gauntlet | Identified the +5 mace "Utuxt" {heavy, rC- Will++ Int+3
                  | Dex+4}
 16557 | Orc:2    | Killed Jorgrun
 16833 | Orc:1    | Reached skill level 10 in Armour
 17167 | Orc:1    | Reached skill level 10 in Shields
 17403 | Orc:2    | Found a staircase to the Elven Halls.
 17455 | Orc:2    | Found Fiowio's Book Shoppe.
 17455 | Orc:2    | Found Meitopp's Jewellery Shop.
 17527 | D:8      | Bought the +0 mask of the Dragon {Will+ Slay+3 SInv} for
                  | 467 gold pieces
 17527 | D:8      | Found the +0 mask of the Dragon {Will+ Slay+3 SInv}
 17580 | Orc:2    | Found Avexeeph's Antique Weapon Shop.
 17581 | Orc:2    | Found Zeumpuow's Weapon Emporium.
 19473 | D:10     | Entered Level 10 of the Dungeon
 19481 | D:10     | Received a gift from Trog
 19586 | D:10     | Reached skill level 10 in Dodging
 19813 | D:10     | Found a burning altar of Makhleb.
 20266 | D:11     | Reached skill level 16 in Fighting
 20811 | D:11     | Reached XP level 15. HP: 138/144 MP: 14/14
 21003 | D:12     | Found a frozen archway.
 21021 | IceCv    | Entered an ice cave
 21603 | IceCv    | Received a gift from Trog
 21873 | IceCv    | Found a viscous altar of Jiyva.
 21873 | IceCv    | Noticed an azure jelly
 21876 | IceCv    | Noticed an azure jelly
 21881 | IceCv    | Killed an azure jelly
 21885 | IceCv    | Killed an azure jelly
 21903 | IceCv    | Got the ring of the Blue Skies {Ice Int+2 Dex+4}
 21905 | IceCv    | Got the ring "Iriom" {rF+ rC+ Stlth+}
 22248 | D:12     | Found Pote's Magic Scroll Shoppe.
 22274 | D:12     | Reached skill level 10 in Evocations
 22330 | D:12     | Reached skill level 17 in Fighting
 22942 | D:13     | Reached skill level 18 in Fighting
 23384 | D:13     | Found a gate to the Vaults.
 23613 | D:14     | Received a gift from Trog
 24065 | D:14     | Reached skill level 19 in Fighting
 24216 | D:14     | Found Heuruf's Weapon Shoppe.
 24292 | D:14     | Found Zomosul's Distillery.
 24323 | D:14     | Found a shadowy altar of Dithmenos.
 24504 | D:15     | Entered Level 15 of the Dungeon
 24507 | D:15     | Noticed Agnes
 24518 | D:14     | Killed Agnes
 25112 | D:15     | Found Mism's Weapon Shop.
 25131 | D:15     | Reached skill level 20 in Fighting
 25182 | D:15     | Bought a +2 broad axe of venom for 285 gold pieces
 25414 | D:15     | Found a staircase to the Depths.
 25418 | D:15     | Reached XP level 16. HP: 158/163 MP: 15/15
 26297 | Snake:1  | Noticed Aizul
 26305 | Snake:1  | Killed Aizul
 26659 | Snake:1  | Reached skill level 21 in Fighting
 26737 | Snake:1  | Found a hide-covered altar of Uskayaw.
 26773 | Snake:1  | Reached ****** piety under Trog
 26832 | Snake:1  | Upgraded the game from 0.31-a0-574-g69dc8cc98e to
                  | 0.31-a0-590-g8a5a4361df
 28114 | Snake:2  | Reached skill level 22 in Fighting
 29383 | Snake:3  | Received a gift from Trog
 29446 | Snake:3  | Reached skill level 23 in Fighting
 29452 | Snake:3  | Identified the +0 dagger of the Wraith {heavy, rC++ rN+
                  | Int-5 Dex-4}
 31175 | Snake:3  | Received a gift from Trog
 31180 | Snake:3  | Reached XP level 17. HP: 177/181 MP: 16/16
 31228 | Snake:3  | Reached skill level 24 in Fighting
 31315 | Snake:3  | Acquired 1064 gold pieces
 31480 | Snake:4  | Entered Level 4 of the Snake Pit
 32175 | Snake:4  | Found a runed translucent gate.
 32175 | Snake:4  | Found a runed translucent gate.
 32175 | Snake:4  | Found a runed translucent gate.
 32175 | Snake:4  | Noticed Saojabem's ghost (adept MiBe)
 33059 | Snake:4  | Reached skill level 25 in Fighting
 34630 | Snake:4  | Received a gift from Trog
 34772 | Snake:4  | Reached skill level 26 in Fighting
 35010 | Snake:4  | Got a serpentine rune of Zot
 35102 | Snake:4  | Noticed Roxanne
 35265 | Snake:4  | Killed Saojabem's ghost
 35351 | Snake:4  | Killed Roxanne
 35669 | Shoals:1 | Entered Level 1 of the Shoals
 36209 | Shoals:1 | Received a gift from Trog
 36405 | Shoals:1 | Acquired a +6 broad axe of electrocution
 37438 | Shoals:2 | Reached skill level 27 in Fighting
 37446 | Shoals:2 | Identified the +2 scale mail "Zausm" {Will+}
 37517 | Shoals:2 | Reached XP level 18. HP: 193/200 MP: 17/17
 38294 | Shoals:3 | Found a transporter.
 38295 | Shoals:3 | Found a transporter.
 38298 | Shoals:3 | Found a transporter.
 38463 | Shoals:3 | Found a transporter.
 38575 | Shoals:3 | Identified the +7 war axe of Slow Death {flame, rC+ rN+
                  | Dex-3} (Trog gifted it to you on level 3 of the Shoals)
 38575 | Shoals:3 | Received a gift from Trog
 38800 | Shoals:3 | Found a transporter.
 38829 | Shoals:3 | Found Ofe Nili's Mayhem Merchandise.
 39151 | Shoals:3 | Found a transporter.
 39823 | Shoals:4 | Entered Level 4 of the Shoals
 40469 | Shoals:4 | Noticed Ilsuiw
 40753 | Shoals:4 | Found Pakysiuq's Book Boutique.
 42426 | Shoals:4 | Got a barnacled rune of Zot
 42845 | Shoals:4 | Identified the +8 flail "Hefof" {flame, *Slow rN+ rCorr}
 42915 | Shoals:4 | Killed Ilsuiw
 43342 | Vaults:1 | Entered Level 1 of the Vaults
 43486 | Vaults:1 | Received a gift from Trog
 43737 | Vaults:1 | Paralysed by a great orb of eyes for 2 turns
 44160 | Vaults:1 | Noticed a lich
 44822 | Vaults:1 | Reached XP level 19. HP: 136/207 MP: 18/18
 45650 | Vaults:1 | Received a gift from Trog
 46590 | Abyss:3  | Found a transporter.
 46590 | Abyss:3  | Found a corrupted altar of Lugonu.
 46590 | Abyss:3  | Cast into level 3 of the Abyss (a wizard)
 46591 | Abyss:3  | Identified the ring "Tuabraro" {Ice Dex+3 Slay+6}
 46594 | Abyss:3  | Noticed a bone dragon
 46615 | Abyss:3  | Killed a bone dragon
 46623 | Abyss:3  | HP: 6/144 [starcursed mass/accursed screaming (9)]
 46623 | Abyss:3  | Paralysed by accursed screaming for 1 turns
 46623 | Abyss:3  | HP: 1/144 [ancient zyme (5)]
 46625 | Abyss:3  | Constricted to death by a starspawn tentacle

Illustrated notes

Levels and vault maps discovered:
D:1:      lemuel_arrival_funnel, layout_rooms
D:2:      layout_loops_corners
D:3:      layout_loops_ring, ebering_ecumenical_altar_sacrificial, minivault_26,
          minmay_cupped, uniq_crazy_yiuf_cottage
D:4:      layout_basic, serial_park_tiny_1, uniq_grinder
D:5:      minmay_octagon_keep, layout_rooms, nemelex_altar_shiori,
          minmay_temple_entry_tees, serial_shops, kennysheep_little_box,
          uniq_edmund, uniq_blork_the_orc
D:6:      layout_basic, lemuel_zombie_altar_kikubaaqudgha, uniq_menkaure,
          uniq_maggie
D:7:      layout_loops_ring, serial_shops, nicolae_shop_tiny_glass
D:8:      layout_rooms, overflow_temple_1_default, elyvilon_altar_4,
          nicolae_ossuary_entry_plus, serial_shops, nicolae_shop_statue_plus,
          nicolae_shop_competitors_out_of_business,
          nicolae_shop_gibbet_a_chance, nicolae_shop_tiny_glass,
          nicolae_stop_n_shop_2, hellmonk_guarded_unrand_lears
D:9:      layout_rooms, nicolae_vehumet_altar_sigil, doesnt_xom_only_xom,
          dpeg_lair_monsters, serial_shops, shop, serial_co_window_serial,
          co_window_corner_a, co_window_paths_a, co_window_paths_b,
          co_window_paths_a, co_window_corner_a, co_window_paths_a,
          co_window_paths_a, co_window_broadway_c, co_window_broadway_c,
          co_window_unsneaky_path_b, glass_columns_a, glass_columns_b,
          glass_columns_c, glass_columns_b, chequers_serial_rivers_micro_b
D:10:     layout_long_grid, general_overflow_altar
D:11:     layout_roguey
D:12:     layout_small_grid, portal_ice_cave_entry_ice_simulacra, serial_shops,
          shop_scrolls, minmay_lindwurm_lava
D:13:     layout_cave_pools, david_vaults_4
D:14:     layout_basic, serial_shops, nicolae_shop_tiny_glass, shop,
          nicolae_eternal_life, nicolae_dithmenos_the_darkroom
D:15:     hellmonk_depths_entry_around_the_bend, layout_long_grid, serial_shops,
          shop, chequers_jeans, eino_small_chamber_without_monster, uniq_agnes
Temple:   hellmonk_temple_divided_pantheon
Lair:1:   layout_regular_city, st_stairs_6, hangedman_lair_generics_rect
Lair:2:   layout_gridlike, nicolae_shoals_entry_roost,
          minmay_snake_entry_guardpost_small, grunt_megastairs_1
Lair:3:   layout_hall_layers, dreamdust_mushroom_princess,
          nzn_masters_of_martial_movement, grunt_megastairs_3, uniq_nessos
Lair:4:   layout_gridlike
Lair:5:   gammafunk_lair_ancient_temple, layout_gridlike,
          dpeg_slime_entry_enclosed, hellmonk_guarded_unrand_zhor,
          grunt_megastairs_4, serial_bayou_shore_b
Shoals:1: layout_shoals, nicolae_shoals_lost_giant_baths, st_sunken_temple
Shoals:2: layout_shoals
Shoals:3: layout_shoals, minmay_shop_mayhem, serial_nicolae_subway,
          nicolae_sub_station_stone, nicolae_sub_station_crystal,
          nicolae_sub_station_metal
Shoals:4: shoals_end_grunt_ice, layout_shoals, shoal_ilsuiw, serial_shops,
          nicolae_shop_hallway_stairs, nicolae_shoals_spectral_cove
Snake:1:  layout_honeycomb, basic_altar, uniq_aizul
Snake:2:  kennysheep_six_static_rooms, layout_misc_corridors,
          nicolae_snake_springs
Snake:3:  layout_concentric_octagons
Snake:4:  grunt_snake_rune_pools, layout_basic, ebering_ghost_rock_garden,
          uniq_roxanne
Orc:1:    layout_diamond_mine
Orc:2:    st_orc_ogre_mass, layout_caves, gauntlet_entry_generic, uniq_jorgrun
Vaults:1: nicolae_vaults_ninety_degrees, nicolae_vaults_house_1,
          v_alt_pattern_5, nicolae_vaults_storage_closets_3,
          nicolae_vaults_surprise_closet, hangedman_vaults_river_flow,
          nicolae_vaults_closet_pinwheel_3, nicolae_vaults_house_3, st_check,
          nicolae_vaults_octothorpe, nicolae_vaults_tetromino_L_2,
          nicolae_vaults_house_1, layout_vaults_omnicross
Vaults:2: nicolae_vaults_twisting_passages, nicolae_vaults_trapezoid_1,
          ontoclasm_vaults_claustrophobia, v_rooms_6,
          nicolae_vaults_sightless_eye, v_misc_16,
          nicolae_vaults_closet_pinwheel_1, nicolae_vaults_prndl,
          ontoclasm_vaults_shuriken, nicolae_vaults_little_squares_3,
          vaults_standard_mumra_enter_the_diamond, layout_vaults_ring,
          serial_shops, nicolae_diamond_shop
Abyss:3:  base: D:14, base: Lair:1, gammafunk_corrupted_shrine

Skill      XL: |  1  2  3  4  5  6  7  8  9 10 11 12 13 14 15 16 17 18 19 |
---------------+----------------------------------------------------------+-----
Axes           | 4 5 6 7 10 13 16 18 19 | 19.1
Shields        | 1 2 3 4 5 6 8 10 11 12 | 12.1
Throwing       | 1 2 3 5 |  5.0
Evocations     | 1 2 3 5 7 9 10 11 12 | 12.5
Armour         | 3 4 5 6 8 10 11 12 | 12.2
Fighting       | 4 5 6 7 10 12 13 14 16 20 23 27 | 27.0
Dodging        | 3 4 5 8 10 11 | 11.8

Action                     |  1- 3 |  4- 6 |  7- 9 | 10-12 | 13-15 | 16-18 | 19-21 || total
---------------------------+-------+-------+-------+-------+-------+-------+-------++-------
  Melee: Hand axe          |   107 |    94 |    70 |       |   610 |   552 |       ||  1433
         Headbutt          |    14 |    18 |    36 |   121 |   258 |   285 |    35 ||   767
         Punch             |     1 |     1 |     2 |     1 |       |       |       ||     5
         War axe           |       |       |    57 |       |       |       |       ||    57
         Broad axe         |       |       |   117 |   447 |   271 |   492 |   111 ||  1438
  Throw: Boomerang         |       |     3 |    10 |    20 |       |       |       ||    33
         Dart              |       |       |       |    11 |    18 |       |       ||    29
         Javelin           |       |       |       |       |    18 |    19 |     9 ||    46
 Invoke: Trog's Hand       |     1 |     4 |     3 |     4 |     6 |     4 |       ||    22
         Berserk           |     1 |     2 |     5 |     2 |     6 |     4 |     1 ||    21
  Evoke: Wand              |       |       |       |       |     1 |     1 |       ||     2
    Use: Scroll            |       |       |       |       |    18 |    13 |       ||    31
         Potion            |       |       |       |       |     9 |     1 |       ||    10
   Stab: Invisible         |       |       |       |       |     1 |       |       ||     1
         Distracted        |       |       |       |       |       |     2 |       ||     2
 Armour: Animal skin       |    11 |       |       |       |     2 |       |       ||    13
         Plate armour      |    52 |    59 |   161 |    33 |   266 |   365 |    68 ||  1004
         Chain mail        |       |       |       |   216 |   117 |       |       ||   333
  Dodge: Dodged            |    44 |    40 |   118 |   168 |   359 |   389 |    37 ||  1155
  Block: Buckler           |       |       |       |   110 |   488 |   590 |    60 ||  1248
         Reflection        |       |       |       |     9 |    34 |    77 |     6 ||   126

Table legend: (Time is in decaauts)
 A = Elapsed time spent in this place.
 B = Non-inter-level travel time spent in this place.
 C = Inter-level travel time spent in this place.
 D = Time resting spent in this place.
 E = Time spent auto-exploring this place.
 F = Levels seen in this place.
 G = Mean time per level.
                   A        B        C        D        E       F      G
               +--------+--------+--------+--------+--------+-----+--------+
         Total |  47031 |  44145 |   2886 |  15541 |  18429 |  37 | 1271.1 |
       Dungeon |  14308 |  12868 |   1440 |   2372 |   7529 |  15 |  953.9 |
        Temple |      1 |      1 |      0 |      0 |      0 |   1 |    1.0 |
          Lair |   7208 |   6530 |    678 |   1381 |   3647 |   5 | 1441.6 |
        Shoals |   7737 |   7401 |    336 |   3609 |   2030 |   4 | 1934.2 |
     Snake Pit |   9500 |   9389 |    111 |   4819 |   2584 |   4 | 2375.0 |
  Orcish Mines |   2830 |   2630 |    200 |   1053 |   1147 |   2 | 1415.0 |
        Vaults |   3173 |   3055 |    118 |   1353 |   1008 |   2 | 1586.5 |
         Abyss |     24 |     24 |      0 |      0 |      0 |   1 |   24.0 |
       Ossuary |    289 |    289 |      0 |    114 |     71 |   1 |  289.0 |
      Ice Cave |   1062 |   1062 |      0 |    617 |     83 |   1 | 1062.0 |
      Gauntlet |    893 |    893 |      0 |    220 |    328 |   1 |  893.0 |
               +--------+--------+--------+--------+--------+-----+--------+

Top non-repeatable levels by time:
 Snake:4: 4053 daAuts
Shoals:4: 2912 daAuts
Vaults:1: 2660 daAuts
  Lair:2: 2286 daAuts
 Snake:3: 2092 daAuts
  Lair:5: 1998 daAuts
Shoals:3: 1898 daAuts
   Orc:1: 1881 daAuts
Shoals:1: 1791 daAuts
 Snake:1: 1701 daAuts
 Snake:2: 1653 daAuts
     D:9: 1512 daAuts
    D:15: 1402 daAuts
  Lair:1: 1257 daAuts
     D:7: 1206 daAuts
